 Dungeon Crawl Stone Soup version 0.31-a0-1-g4198be8af4 (webtiles) character file.

Game seed: 13999489132129064853

25 qeuew the Trooper (level 2, -2/24 HPs)
             Began as a Demonspawn Monk on May 1, 2023.
             Slain by Terence
             ... wielding a +0 mace
              (7 damage)
             ... on level 2 of the Dungeon.
             The game lasted 00:00:55 (641 turns).

qeuew the Trooper (Demonspawn Monk)                  Turns: 641, Time: 00:00:56

Health: -2/24      AC:  2    Str: 11    XL:     2   Next: 82%
Magic:  2/2        EV: 13    Int: 11    God:
Gold:   64         SH:  0    Dex: 15    Spells: 1/1 levels left

rFire   . . .        a - +0 mace (vamp)
rCold   . . .        d - orb {light}
rNeg    . . .        b - +0 robe
rPois   .            (no helmet)
rElec   .            (no cloak)
rCorr   .            (no gloves)
SInv    .            (no boots)
Will    .....        (no amulet)
Stlth   +            (no ring)
HPRegen 0.24/turn    (no ring)
MPRegen 0.08/turn

%: no passive effects
@: glowing
A: spiny 1
a: no special abilities


You were on level 2 of the Dungeon.
You visited 1 branch of the dungeon, and saw 2 of its levels.

You collected 64 gold pieces.

Inventory:

Hand Weapons
 a - a +0 vampiric mace (weapon)
Armour
 b - a +0 robe (worn)
 d - an orb of light (worn)
Potions
 e - a potion of degeneration {unknown}


   Skills:
 + Level 3.2 Fighting
 * Level 3.1 Maces & Flails
 + Level 0.7 Armour
 + Level 2.9 Dodging


You had one spell level left.
You didn't know any spells.
Your spell library was empty.

Dungeon Overview and Level Annotations

Branches:
Dungeon (2/15)

Altars:

Annotations:
D:2 Terence


Innate Abilities, Weirdness & Mutations

You are partially covered in sharp spines.


Message History

You are too injured to fight recklessly!
Unknown command.
You are confused.
You feel invigorated. The jackal closely misses you. The endoplasm freezes you.
You are frozen.
Terence barely misses you.
Unknown command.
You hit the jackal.
You feel better.
The jackal is moderately wounded.
The jackal is struck by your spines.
You kill the jackal!
The endoplasm is struck by your spines. The endoplasm hits you.
Terence is struck by your spines. Terence hits you with a +0 mace.
Unknown command.
You sock the endoplasm!
You kill the endoplasm!
Terence hits you with a +0 mace.
A worm comes into view.
Unknown command.
Terence says, "Did you write a will?
You should..."
Terence is struck by your spines. Terence hits you with a +0 mace!
Terence attacks as you move away! Terence is struck by your spines.
Terence misses you.
You feel less invigorated.
You feel less confused.
You hit Terence but do no damage.
Terence is heavily wounded.
Terence hits you with a +0 mace.
You hit Terence.
You feel better.
Terence is severely wounded.
Terence hits you with a +0 mace. x2
* * * LOW HITPOINT WARNING * * *
You hit Terence.
You feel better.
Terence is severely wounded.
Terence screams, "I'm going to kill you!"
Terence misses you.
Unknown command.
You hit Terence but do no damage.
Terence is severely wounded.
Terence hits you with a +0 mace!
You die...

#.$...# #.....#
#.....#####
#.....#...# #####
#.....#.[.#
.....##.....#...###
.......†....+.....
...w.$†@....#...######
.....##@.............#
... ####'#....####.# .
..#####.#......<#.###
.....................
#######.#####.#.#.##.
#.# #.#.#.# #.# #.#.#
# #.# #...# #.# #####


You could see Terence and a worm.

Vanquished Creatures
  2 dart slugs (D:1)
  2 bats (D:1)
  4 endoplasms
  A goblin (D:1)
  A hobgoblin (D:1)
  3 jackals (D:2)
  A frilled lizard (D:1)
  3 kobolds (D:1)
  A rat (D:1)
18 creatures vanquished.

Notes
Turn   | Place    | Note
-------+----------+-------------------------------------------
     0 | D:1      | qeuew the Demonspawn Monk began the quest for the Orb.
     0 | D:1      | Reached XP level 1. HP: 18/18 MP: 1/1
   145 | D:1      | Gained mutation: You are partially covered in sharp spines.
                  | [demonic ancestry]
   145 | D:1      | Reached XP level 2. HP: 20/24 MP: 2/2
   627 | D:2      | Noticed Terence
   641 | D:2      | Slain by Terence

Illustrated notes

Levels and vault maps discovered:
D:1:      amcnicky_arrival_blooded_trapdoor, layout_rooms
D:2:      layout_basic, serial_undead, serial_undead_e, serial_undead_e,
          serial_undead_c, serial_undead_e, uniq_jessica, uniq_terence

Skill      XL: |  1 |
---------------+----+-----
Maces & Flails | 3 |  3.1
Fighting       | |  3.2
Armour         | |  0.7
Dodging        | |  2.9

Action                     || total
---------------------------++-------
  Melee: Mace              ||    49
    Use: Scroll            ||     4
         Potion            ||     3
 Armour: Robe              ||     7
  Dodge: Dodged            ||    38

Table legend: (Time is in decaauts)
 A = Elapsed time spent in this place.
 B = Non-inter-level travel time spent in this place.
 C = Inter-level travel time spent in this place.
 D = Time resting spent in this place.
 E = Time spent auto-exploring this place.
 F = Levels seen in this place.
 G = Mean time per level.
                   A        B        C        D        E       F      G
               +--------+--------+--------+--------+--------+-----+--------+
         Total |    652 |    635 |     17 |     21 |    482 |   2 |  326.0 |
       Dungeon |    652 |    635 |     17 |     21 |    482 |   2 |  326.0 |
               +--------+--------+--------+--------+--------+-----+--------+

Top non-repeatable levels by time:
     D:1: 560 daAuts
     D:2: 92 daAuts
